Map: Eternal Empire LE

Players

elcachero

  • Race: Protoss Protoss
  • League: Silver
  • Spawn Location: 1:00

Pazuzu - Winner!

  • Race: Terran Terran
  • Spawn Location: 7:00

VOD

Have the link to the VOD?

Description

Time

  • Played on: June 13, 2020, 2:23 p.m.
  • Length: 34:24
Show
View Real Time Build Order
Export as new Build Order

elcachero Protoss 

Build Orders: Carriers 

Get SALT Encoding   

  12  0:09  Pylon  
  12  0:11  Probe  
  13  0:30  Forge  
  13  0:40  Probe  
  14  0:52  Probe  
  15  1:04  Probe  
  16  1:16  Probe  
  17  1:19  Pylon  
  17  1:31  Pylon  
  17  1:39  Pylon  
  16  1:50  Photon Cannon  
  14  2:02  Photon Cannon  
  14  2:05  Photon Cannon  
  14  2:23  Gateway  
  13  2:34  Probe  
  14  2:46  Probe  
  15  2:58  Probe  
  15  3:02  Gateway  
  16  3:06  Photon Cannon  
  16  3:10  Probe  
  17  3:14  Pylon  
  15  3:23  Probe  
  16  3:30  Photon Cannon  
  16  3:38  Photon Cannon  
  15  3:53  Zealot  
  16  4:05  Photon Cannon  
  16  4:27  Zealot  
  18  4:42  Zealot  
  19  4:55  Zealot  
  21  5:02  Pylon  
  21  5:09  Zealot  
  23  5:20  Photon Cannon  
  23  5:22  Zealot  
  23  5:26  Photon Cannon  
  23  5:38  Photon Cannon  
  23  5:44  Probe  
  24  6:24  Assimilator  
  24  6:28  Assimilator  
  24  6:33  Cybernetics Core  
  24  6:52  Probe  
  25  7:04  Probe  
  24  7:16  Probe  
  25  7:28  Probe  
  26  7:40  Probe  
  25  7:44  Pylon  
  25  7:48  Nexus  
  25  7:51  Assimilator  
  25  7:55  Assimilator  
  23  8:02  Pylon  
  23  8:12  Stargate  
  23  8:14  Stargate  
  23  8:20  Pylon  
  23  8:24  Probe  
  24  8:36  Probe  
  25  8:44  Robotics Facility  
  25  8:48  Probe  
  26  9:00  Probe  
  27  9:05  Probe  
  28  9:13  Probe  
  29  9:17  Probe  
  29  9:18  Shield Battery  
  29  9:21  Pylon  
  30  9:28  Shield Battery  
  30  9:29  Probe  
  31  9:36  Pylon  
  31  9:39  Probe  
  32  9:47  Probe  
  32  9:50  Observer  
  34  9:55  Probe  
  35  10:04  Probe  
  35  10:11  Observer  
  35  10:12  Probe  
  37  10:16  Probe  
  39  10:22  Probe  
  39  10:24  Probe  
  40  10:31  Fleet Beacon  
  40  10:33  Observer  
  40  10:34  Probe x2  
  43  10:39  Stargate  
  44  10:44  Pylon  
  44  10:46  Probe  
  44  10:49  Probe  
  46  10:58  Probe  
  46  11:01  Probe  
  48  11:22  Probe  
  49  11:34  Probe  
  49  11:35  Carrier x2  
  62  11:46  Probe  
  63  11:57  Carrier  
  63  11:58  Probe  
  70  12:10  Probe  
  71  12:27  Probe  
  71  12:35  Probe  
  73  12:44  Probe  
  73  12:49  Anion Pulse-Crystals  
  73  12:50  Nexus  
  74  12:57  Probe  
  75  13:03  Assimilator  
  75  13:08  Assimilator  
  75  13:09  Probe  
  76  13:21  Carrier x2  
  88  13:32  Probe  
  89  13:44  Probe  
  89  13:53  Unknown  
  89  13:56  Probe  
  89  13:58  Pylon  
  90  14:09  Probe  
  91  14:19  Pylon  
  91  14:21  Probe  
  84  14:37  Cybernetics Core  
  67  14:39  Cybernetics Core  
  66  15:13  Observer  
  66  15:25  Carrier x2  
  78  15:56  Protoss Air Armor Level 1  
  78  15:57  Protoss Air Weapons Level 1  
  78  16:20  Pylon  
  78  16:26  Void Ray  
  78  16:29  Observer  
  83  16:50  Observer  
  83  17:12  Observer  
  84  17:26  Probe  
  85  17:38  Probe  
  82  18:44  Void Ray x2  
  87  19:42  Robotics Facility  
  79  21:16  Nexus  
  79  21:19  Assimilator  
  79  21:23  Assimilator  
  79  21:29  Nexus  
  79  21:35  Observer  
  80  21:56  Observer  
  63  22:18  Observer  
Show
View Real Time Build Order
Export as new Build Order

Pazuzu Terran - Winner!

Build Orders:  

Get SALT Encoding   

  12  0:01  SCV  
  13  0:13  SCV  
  14  0:21  Supply Depot  
  14  0:25  SCV  
  15  0:43  SCV  
  15  0:45  Barracks  
  16  0:50  Refinery  
  16  0:55  SCV  
  17  1:07  SCV  
  18  1:19  SCV  
  19  1:48  Reaper  
  20  2:01  Orbital Command  
  20  2:20  Marine  
  19  2:38  Marine  
  19  2:43  Factory  
  16  2:51  Orbital Command  
  16  2:56  Reaper  
  17  3:31  Widow Mine  
  19  3:44  SCV  
  20  3:52  Widow Mine  
  22  3:56  SCV  
  22  4:08  SCV  
  22  4:20  SCV  
  23  4:30  Supply Depot  
  21  4:40  Refinery  
  21  4:49  Marine  
  22  5:02  SCV  
  22  5:06  Marine, Refinery  
  24  5:14  SCV  
  25  5:26  SCV  
  26  5:30  Command Center  
  26  5:36  Supply Depot  
  26  5:38  SCV  
  27  5:46  Widow Mine  
  29  5:50  SCV  
  30  6:02  SCV  
  31  6:14  SCV  
  32  6:19  Command Center  
  32  6:26  SCV  
  32  6:32  Factory Reactor  
  33  6:39  SCV  
  33  6:51  SCV  
  33  7:03  SCV  
  34  7:12  Marine  
  34  7:15  SCV  
  35  7:21  Hellion  
  37  7:33  Hellion  
  34  7:54  Hellion  
  36  8:06  Orbital Command  
  36  8:07  SCV  
  38  8:15  Orbital Command  
  37  8:40  Factory  
  37  8:43  Barracks Tech Lab  
  37  8:45  Factory  
  37  8:47  Factory Tech Lab  
  37  9:08  Reaper  
  38  9:10  SCV  
  38  9:11  SCV  
  38  9:14  SCV  
  41  9:22  SCV  
  41  9:23  SCV  
  43  9:24  Widow Mine  
  43  9:26  SCV  
  43  9:27  Factory Reactor  
  46  9:31  Factory Reactor  
  46  9:35  SCV x2  
  48  9:40  Reaper  
  48  9:43  SCV  
  50  9:46  Widow Mine  
  50  9:47  SCV  
  50  9:49  SCV  
  54  9:55  SCV  
  54  9:59  SCV  
  56  10:01  SCV  
  56  10:03  Barracks  
  57  10:07  Siege Tank  
  57  10:12  Marine  
  61  10:26  Refinery  
  61  10:27  SCV x2  
  61  10:28  Refinery  
  63  10:30  Marine  
  64  10:39  Hellion  
  64  10:41  Refinery  
  64  10:42  SCV x3  
  69  10:44  Engineering Bay  
  69  10:46  Refinery  
  69  10:53  Barracks  
  69  11:00  Supply Depot  
  69  11:02  Supply Depot  
  69  11:03  Supply Depot  
  69  11:07  Marine  
  69  11:08  SCV  
  71  11:12  Marine  
  71  11:14  Siege Tank  
  77  11:18  Widow Mine  
  77  11:21  Widow Mine x3  
  77  11:25  Marine  
  83  11:29  Marine  
  83  11:31  Missile Turret  
  83  11:32  Missile Turret  
  85  11:39  Terran Infantry Weapons Level 1  
  87  11:40  Widow Mine  
  87  11:43  Marine, Widow Mine  
  87  11:44  Barracks  
  87  11:46  Siege Tank  
  93  11:52  Missile Turret  
  93  11:53  Barracks Reactor  
  94  11:59  Barracks Reactor  
  94  12:01  Marine  
  94  12:09  Widow Mine x2  
  94  12:10  Widow Mine  
  94  12:15  SCV  
  101  12:28  Supply Depot  
  101  12:29  Supply Depot  
  101  12:32  Barracks  
  101  12:33  Supply Depot  
  101  12:35  Supply Depot  
  101  12:50  Marine, SCV x3, Widow Mine x3  
  111  13:02  SCV x3  
  114  13:08  Marine  
  114  13:11  Siege Tank  
  118  13:14  Marine x4, SCV x3  
  125  13:21  Barracks Tech Lab  
  125  13:22  Barracks  
  125  13:26  Marine, SCV x2  
  125  13:27  SCV  
  129  13:32  Marine x4  
  133  14:11  Supply Depot x3  
  133  14:12  Supply Depot  
  133  14:24  Command Center  
  133  14:32  Siege Tank, SCV x3  
  133  14:37  Supply Depot x2  
  139  14:51  Marine x6  
  122  15:05  Siege Tank  
  107  15:09  Marine x6  
  107  15:27  Marine x6  
  113  15:28  Missile Turret  
  113  15:30  Missile Turret  
  113  15:31  Missile Turret x2  
  113  15:33  Missile Turret  
  113  15:35  Missile Turret  
  113  15:37  Siege Tank, Missile Turret  
  113  15:38  Missile Turret  
  113  15:40  Missile Turret  
  116  15:45  Marine x6  
  122  15:57  Armory  
  122  16:02  Marine  
  122  16:03  Marine x5  
  128  16:09  Cyclone  
  131  16:20  Marine x5  
  136  16:34  Marine  
  136  16:38  Marine x5  
  142  16:41  Cyclone  
  143  16:52  Factory  
  143  16:54  Factory  
  135  17:06  Marine x6  
  141  17:13  Cyclone  
  132  17:23  Marine  
  132  17:24  Marine x5  
  132  17:26  Orbital Command  
  138  17:41  Marine x2  
  133  17:47  Marine x4  
  118  17:59  Marine x2  
  118  18:01  Widow Mine x3  
  118  18:02  Widow Mine x2  
  118  18:05  Marine x4  
  121  18:17  Marine x2  
  104  18:22  Marine, Widow Mine  
  104  18:23  Marine, Widow Mine x4  
  111  18:28  Terran Vehicle Weapons Level 1  
  110  18:35  Factory  
  110  18:37  Factory x2  
  110  18:44  Factory, Widow Mine x2  
  114  19:08  Marine x4  
  114  19:09  Marine x2  
  114  19:10  Thor  
  114  19:13  Widow Mine x4  
  121  19:34  Widow Mine  
  121  19:35  Widow Mine x3  
  121  19:37  Widow Mine x4  
  137  19:53  Thor  
  137  19:56  Widow Mine x4  
  137  19:58  Widow Mine x3  
  137  19:59  Widow Mine  
  153  20:16  Marine x6  
  153  20:17  Widow Mine x3  
  153  20:18  Widow Mine  
  153  20:19  Widow Mine  
  153  20:20  Widow Mine x2  
  173  20:37  Marine x2  
  173  20:44  Widow Mine  
  173  22:20  Supply Depot  
  173  22:22  Supply Depot x2  
  173  22:24  Marine x2  
  173  22:25  Marine x4  
  173  22:26  Supply Depot, Widow Mine x2  
  173  22:27  Widow Mine x3  
  173  22:28  Widow Mine  
  169  22:36  Command Center  
  168  22:44  Unknown  
  164  23:10  Command Center  
  140  24:36  Orbital Command  
  134  25:25  Supply Depot  
  134  25:27  Supply Depot  
  134  25:28  Supply Depot  
  134  25:29  Supply Depot  
  134  25:30  Barracks, Supply Depot  
  134  25:32  Barracks  
  134  25:34  Barracks, Supply Depot  
  134  25:35  Barracks  
  134  25:37  Barracks, Refinery  
  134  25:39  Barracks  
  134  25:41  Barracks  
  134  25:55  Marine x2  
  134  25:56  SCV  
  137  26:03  Refinery  
  136  26:08  Command Center, SCV  
  137  26:13  Marine  
  137  26:20  SCV, Refinery  
  137  26:23  Refinery  
  133  26:31  Marine  
  133  26:32  SCV  
  132  26:40  Command Center  
  132  26:43  Marine x7  
  132  26:44  SCV  
  124  27:19  Marine x6, SCV x3  
  132  27:33  Marine  
  130  27:43  Supply Depot  
  126  27:44  Supply Depot  
  126  27:46  Supply Depot x2  
  126  27:47  Supply Depot  
  126  27:49  Supply Depot  
  123  28:04  Engineering Bay  
  121  28:07  Marine x2  
  121  28:08  Marine x3, SCV x2  
  128  28:20  SCV x2  
  128  28:25  Marine x2  
  128  28:26  Marine x3  
  135  28:28  SCV  
  135  28:32  SCV x2  
  132  28:37  Engineering Bay  
  132  28:40  SCV  
  118  28:42  Marine x2  
  118  28:43  Marine x3  
  118  28:44  SCV x2  
  119  28:53  SCV  
  118  28:56  SCV  
  118  29:00  Marine x2  
  118  29:01  Marine  
  122  29:07  Engineering Bay  
  117  29:10  SCV x2  
  117  29:11  SCV  
  117  29:15  Missile Turret  
  118  29:23  SCV  
  117  29:35  Missile Turret  
  115  29:50  Missile Turret  
  115  29:56  Missile Turret  
  115  30:10  Missile Turret  
  115  30:12  Orbital Command  
  115  30:16  Missile Turret  
  115  30:30  Missile Turret  
  115  30:38  Missile Turret  
  115  30:52  Missile Turret  
  114  31:00  Missile Turret  
  96  31:32  Barracks  
  96  31:35  Barracks  
  96  31:36  Barracks, Missile Turret  
  96  31:37  Barracks  
  96  31:38  Missile Turret  
  96  31:40  Missile Turret  
  96  31:44  Missile Turret  
  96  31:46  SCV  
  93  31:49  SCV  
  86  31:58  SCV  
  86  32:01  SCV  
  88  32:07  Missile Turret  
  88  32:09  Missile Turret  
  88  32:10  SCV  
  88  32:11  SCV  
  88  32:13  SCV  
  91  32:22  SCV  
  92  32:23  SCV  
  93  32:30  Missile Turret  
  93  32:32  Missile Turret  
  93  32:44  SCV  
  93  32:47  Missile Turret  
  93  32:49  Command Center, Missile Turret  
  93  33:11  Missile Turret  
  93  33:16  Missile Turret  
  93  33:17  SCV  
  93  33:20  SCV  
  93  33:22  Supply Depot x2  
  93  33:23  Supply Depot  
  93  33:24  Supply Depot  
  93  33:25  Supply Depot  
  93  33:26  Supply Depot  
  93  33:27  SCV  
  93  33:43  SCV x3  
  96  33:55  SCV x2  
  98  34:07  SCV  
Tags
 
Composition
Carriers
League
Silver
Matchup
PvT
Spawn Locations
Cross Positions
Add a new tag
Caveats
  • Supply blocks, unpowered buildings, or Contaminate may cause inaccurate times.
  • Supply counts are checked every 10 seconds.